 Dungeon Crawl Stone Soup version 0.23-a0-252-g069075cd5b (webtiles) character file.

18818 G3Kappa the Basher (level 12, -1/77 HPs)
             Began as a Gargoyle Monk on Sept 29, 2018.
             Was a Priest of Cheibriados.
             Killed from afar by a starcursed mass (9 damage)
             ... with an accursed screaming
             ... on level 1 of the Abyss.
             The game lasted 00:46:34 (13401 turns).

G3Kappa the Basher (Gargoyle Monk)                 Turns: 13401, Time: 00:46:35

Health: -1/77      AC: 23    Str: 29    XL:     12   Next: 62%
Magic:  18/18      EV: 20    Int: 18    God:    Cheibriados [***...]
Gold:   636        SH:  6    Dex: 20    Spells: 4/11 levels left

rFire    . . .     SeeInvis .   y - +0 morningstar
rCold    + + .     Gourm    .   s - +0 buckler
rNeg     + . .     Faith    .   j - +5 ring mail {rC+}
rPois    ∞         Spirit   .   h - +2 hat {MR+}
rElec    +         Reflect  .   (no cloak)
rCorr    .         Harm     .   (no gloves)
MR       +....                  o - +0 pair of boots
Stlth    ++........             (no amulet)
HPRegen  0.22/turn              m - ring of protection from cold
MPRegen  0.16/turn              B - +5 ring of evasion

@: very slow
A: negative energy resistance 1, electricity resistance, unbreathing,
petrification resistance, rot immunity, AC +8
a: Bend Time, Temporal Distortion, Renounce Religion


You were on level 1 of the Abyss.
You worshipped Cheibriados.
Cheibriados was most pleased with you.
You were not hungry.

You visited 2 branches of the dungeon, and saw 12 of its levels.
You visited the Abyss 1 time.

You collected 665 gold pieces.
You spent 29 gold pieces at shops.

Inventory:

Hand Weapons
 f - a +2 whip of freezing
 l - a +0 blowgun
 y - a +0 morningstar (weapon)
Missiles
 p - 17 poisoned needles
 q - 257 stones (quivered)
 v - 8 needles of frenzy
Armour
 h - a +2 hat of magic resistance (worn)
 j - a +5 ring mail of cold resistance (worn)
 o - a +0 pair of boots (worn)
 s - a +0 buckler (worn)
Jewellery
 m - a ring of protection from cold (left hand)
 x - an uncursed ring of ice
 B - a +5 ring of evasion (right hand)
Wands
 e - a wand of acid (13)
 r - a wand of polymorph (1)
 t - a wand of enslavement (18)
 u - a wand of scattershot (5)
Scrolls
 b - 3 scrolls of teleportation
 g - 4 scrolls of fear
 i - 2 scrolls of identify
 k - 4 scrolls of remove curse
 w - a scroll of fog {unknown}
 A - a scroll of magic mapping {unknown}
 F - a scroll of amnesia
 H - a scroll of holy word {unknown}
Potions
 a - 7 potions of curing
 d - a potion of ambrosia {unknown}
 n - a potion of might
 z - a potion of degeneration {unknown}
 C - 2 potions of flight
 D - 2 potions of agility
 E - a potion of cancellation {unknown}
Comestibles
 c - 18 rations


   Skills:
 - Level 10.0 Fighting
 + Level 13.9 Maces & Flails
 - Level 4.2 Throwing
 - Level 5.0 Armour
 - Level 5.0 Dodging
 - Level 2.1 Stealth
 - Level 5.1 Shields
 - Level 8.0 Invocations


You had 4 spell levels left.
You knew the following spells:

 Your Spells              Type           Power        Failure   Level  Hunger
b - Sandblast             Erth           #.....       30%         1    ##.....
c - Passwall              Tmut/Erth      #.......     43%         2    ###....
d - Petrify               Tmut/Erth      #.......     97%         4    #####..

Your spell library contained the following spells:

 Spells                   Type           Power        Failure   Level  Hunger
 Infusion                 Chrm           #...         30%         1    ##.....
 Magic Dart               Conj           #...         30%         1    ##.....
 Blink                    Tloc           N/A          43%         2    ###....
 Call Imp                 Summ           #.......     43%         2    ###....
 Shroud of Golubria       Chrm/Tloc      #.........   43%         2    ###....
 Slow                     Hex            #.......     43%         2    ###....
 Song of Slaying          Chrm           #.......     43%         2    ###....
 Conjure Flame            Conj/Fire      #.......     67%         3    ####...
 Mephitic Cloud           Conj/Pois/Air  #.......     67%         3    ####...
 Regeneration             Chrm/Necr      #.........   67%         3    ####...
 Spectral Weapon          Hex/Chrm       #.......     67%         3    ####...
 Stone Arrow              Conj/Erth      #.....       67%         3    ####...
 Lee's Rapid Deconstruct  Erth           #.........   100%        5    ######.


Dungeon Overview and Level Annotations

Branches:
Dungeon (11/15)            Temple (1/1) D:5            Lair (0/6) D:11
    Orc: D:9-12

Altars:
Ashenzari
Cheibriados
Dithmenos
Elyvilon
Fedhas
Gozag
Hepliaklqana
Kikubaaqudgha
Makhleb
Nemelex Xobeh
Okawaru
Qazlal
Ru
Sif Muna
Trog
Uskayaw
Vehumet
Wu Jian
Xom
Yredelemnul
Zin
The Shining One

Shops:
D:10 *

Annotations:
D:11 Sonja


Innate Abilities, Weirdness & Mutations

You are resistant to torment.
Your stone body is resilient. (AC +8)
You are immune to poison.
You resist negative energy. (rN+)
You are resistant to electric shocks. (rElec)
You can survive without breathing.
You are immune to petrification.
You are immune to rotting.


Message History

Okay, then.
Quiver which item? (- for none, * to show all) (? for menu, Esc to quit)
Quivering
I - a throwing net for throwing.
What are your orders? t - Shout!
Orders for allies: a - Attack new target. r - Retreat! s - Stop attacking. g - Guard the area. f - Follow me.
Anything else - Cancel.
Follow me!
A chorus of shrieks assaults your mind.
* * * LOW HITPOINT WARNING * * *
Throwing (i - inventory. (/) - cycle)
I - a throwing net (quivered)
Press: ? - help, Shift-Dir - straight line, f - starcursed mass
Aim: a starcursed mass (immune to nets)
You throw a throwing net.
The throwing net hits the starcursed mass.
The starcursed mass is too large for the net to hold!
A chorus of shrieks assaults your mind.
You die...

# ... . .# # #
. ##..#... ##..
#. ##.#. .# .##
. . ..#.# . ..
# . #. #..... .
##.# .
.#.#.##.##.#
...#.. .####..
#.?.#..#.......
#. ..#.@### #
........#X## #
###.#####.#X#
.. #...## #
####.X# ##.# #


You could see 2 starcursed masses.

Vanquished Creatures
  Gastronok (D:8)
  2 hydras
  Harold (D:8)
  2 two-headed ogres
  A thrashing horror (Abyss:1)
  An unseen horror (D:11)
  Pikel (D:4)
  2 ugly things (D:11)
  A cyclops (D:11)
  A manticore (D:9)
  Joseph (D:8)
  A gargoyle (D:11)
  A centaur skeleton (D:11)
  Psyche (D:9)
  An ancient zyme (Abyss:1)
  2 trolls
  A hornet (D:7)
  Grinder (D:3)
  A hippogriff (D:7)
  2 dream sheep (D:9)
  A ynoxinul (Abyss:1)
  10 yaks (D:9)
  A water elemental (D:11)
  A basilisk (D:11)
  2 hungry ghosts
  2 water moccasins
  4 porcupines (D:11)
  5 orc warriors
  2 sky beasts
  6 ice beasts
  2 black bears (D:11)
  5 ogres
  3 centaurs
  2 crocodiles
  6 bullfrogs
  4 big kobolds
  A gnoll sergeant (D:11)
  4 scorpions
  3 killer bees (D:10)
  3 wights (D:11)
  2 electric eels
  A howler monkey (D:7)
  4 crimson imps
  A centaur zombie (D:11)
  3 jellies
  A bullfrog zombie (D:9)
  8 orc priests
  8 orc wizards
  4 hounds
  2 bullfrog skeletons
  Ijyb (D:4)
  An iguana (D:6)
  4 worker ants
  A hound zombie (D:11)
  A worker ant zombie (D:10)
  7 gnolls
  A howler monkey skeleton (D:8)
  15 adders
  2 shadow imps
  An adder skeleton (D:6)
  2 worms
  3 dart slugs (D:2)
  7 leopard geckos
  35 orcs
  9 bats
  4 giant cockroaches
  11 goblins
  8 hobgoblins
  11 jackals
  6 quokkas
  3 ball pythons
  6 frilled lizards
  2 goblin skeletons (D:6)
  A goblin zombie (D:6)
  4 hobgoblin zombies (D:6)
  A jackal zombie (D:4)
  10 kobolds
  A kobold skeleton (D:6)
  2 kobold zombies (D:6)
  A leopard gecko skeleton (D:6)
  An orc skeleton (D:6)
  2 orc zombies (D:6)
  9 rats
  A fungus (D:5)
300 creatures vanquished.

Vanquished Creatures (others)
  A rakshasa (Abyss:1)
  A slave (D:4)
  An orc wizard (D:4)
  3 gnolls
  2 adders (D:4)
  3 jackals (D:4)
  30 fungi (D:11)
  3 plants (D:11)
44 creatures vanquished.

Grand Total: 344 creatures vanquished

Notes
Turn   | Place    | Note
-------+----------+-------------------------------------------
     0 | D:1      | G3Kappa the Gargoyle Monk began the quest for the Orb.
     0 | D:1      | Reached XP level 1. HP: 14/14 MP: 1/1
   190 | D:1      | Reached XP level 2. HP: 13/20 MP: 2/2
   495 | D:1      | Reached XP level 3. HP: 14/24 MP: 3/3
  1135 | D:2      | Reached skill level 5 in Fighting
  1210 | D:2      | Reached XP level 4. HP: 16/31 MP: 4/4
  1634 | D:2      | Reached skill level 4 in Maces & Flails
  1804 | D:2      | Reached XP level 5. HP: 24/35 MP: 5/5
  2437 | D:3      | Reached skill level 5 in Maces & Flails
  2625 | D:3      | Noticed Grinder
  2712 | D:3      | Killed Grinder
  2712 | D:3      | Reached XP level 6. HP: 20/40 MP: 6/6
  3090 | D:4      | Found a sacrificial altar of Ru.
  3385 | D:4      | Noticed a slave
  3385 | D:4      | Noticed a slave
  3387 | D:4      | Noticed Pikel
  3408 | D:4      | Noticed a slave
  3439 | D:4      | Killed Pikel
  3439 | D:4      | Reached XP level 7. HP: 15/46 MP: 7/7
  3439 | D:4      | Reached XP level 8. HP: 16/51 MP: 8/8
  4087 | D:4      | Noticed Ijyb
  4114 | D:4      | Killed Ijyb
  4638 | D:4      | You fall through a shaft!
  4638 | D:5      | Entered Level 5 of the Dungeon
  4973 | D:5      | Learned a level 2 spell: Slow
  5098 | D:5      | Found a staircase to the Ecumenical Temple.
  5110 | Temple   | Entered the Ecumenical Temple
  5117 | Temple   | Became a worshipper of Cheibriados the Contemplative
  5117 | Temple   | Reached * piety under Cheibriados
  5117 | Temple   | Reached ** piety under Cheibriados
  5427 | D:5      | Got a jewelled ring mail
  5429 | D:5      | Identified the cursed +0 ring mail "Zuka" {Dex+3} (You
                  | found it on level 5 of the Dungeon)
  6170 | D:6      | Found a shadowy altar of Dithmenos.
  6245 | D:6      | Found a hazy altar of Hepliaklqana.
  6274 | D:6      | Found an iron altar of Okawaru.
  6278 | D:6      | Found a glowing golden altar of the Shining One.
  6338 | D:6      | Reached skill level 5 in Shields
  6343 | D:6      | Found a shattered altar of Ashenzari.
  6352 | D:6      | Reached skill level 6 in Maces & Flails
  6790 | D:7      | Noticed a hippogriff
  6805 | D:7      | Reached *** piety under Cheibriados
  6805 | D:7      | Reached XP level 9. HP: 50/56 MP: 9/9
  6812 | D:7      | Reached skill level 7 in Maces & Flails
  7453 | D:7      | Reached skill level 8 in Maces & Flails
  7831 | D:7      | Reached skill level 9 in Maces & Flails
  7988 | D:7      | Noticed a hornet
  8002 | D:7      | Killed a hornet
  8174 | D:8      | Reached skill level 10 in Maces & Flails
  8219 | D:8      | Noticed Harold
  8228 | D:8      | Noticed Gastronok
  8242 | D:8      | Killed Harold
  8242 | D:8      | Reached **** piety under Cheibriados
  8242 | D:8      | Reached skill level 11 in Maces & Flails
  8242 | D:8      | Reached XP level 10. HP: 56/61 MP: 10/10
  8281 | D:8      | Killed Gastronok
  8281 | D:8      | Reached skill level 12 in Maces & Flails
  8500 | D:8      | Reached skill level 1 in Invocations
  8589 | D:8      | Noticed Joseph
  8621 | D:8      | Killed Joseph
  8824 | D:8      | Learned a level 1 spell: Sandblast
  8827 | D:8      | Learned a level 2 spell: Passwall
  8832 | D:8      | Learned a level 4 spell: Petrify
  9260 | D:8      | Noticed a two-headed ogre
  9277 | D:8      | Killed a two-headed ogre
  9277 | D:8      | Reached XP level 11. HP: 66/66 MP: 13/15
  9656 | D:9      | Reached ***** piety under Cheibriados
  9711 | D:9      | Noticed a two-headed ogre
  9752 | D:9      | Killed a two-headed ogre
 10135 | D:9      | Noticed Psyche
 10144 | D:9      | Killed Psyche
 10434 | D:9      | Noticed a manticore
 10440 | D:9      | Killed a manticore
 10440 | D:9      | Reached skill level 5 in Armour
 10550 | D:9      | Reached skill level 5 in Dodging
 10690 | D:9      | Noticed a two-headed hydra
 10699 | D:9      | Killed a two-headed hydra
 11104 | D:10     | Entered Level 10 of the Dungeon
 11538 | D:10     | Found an iron altar of Okawaru.
 11643 | D:10     | Found Lymamy's Assorted Antiques.
 11651 | D:10     | Bought a yellow potion for 29 gold pieces
 11889 | D:11     | Found a white marble altar of Elyvilon.
 11931 | D:11     | Noticed a four-headed hydra
 11950 | D:11     | Reached XP level 12. HP: 22/74 MP: 18/18
 11952 | D:11     | Killed a four-headed hydra
 12377 | D:11     | Reached skill level 13 in Maces & Flails
 12631 | D:11     | Reached skill level 10 in Fighting
 12938 | D:11     | Found a staircase to the Lair.
 13073 | D:11     | Noticed Sonja
 13237 | D:11     | Cast into level 1 of the Abyss (Sonja)
 13263 | Abyss:1  | Noticed a thrashing horror
 13308 | Abyss:1  | Killed a thrashing horror
 13374 | Abyss:1  | Noticed a rakshasa
 13395 | Abyss:1  | Killed a rakshasa
 13396 | Abyss:1  | Noticed a starcursed mass
 13401 | Abyss:1  | Killed from afar by a starcursed mass

Vault maps used:
D:1:      lightli_arrival_isolated_outpost, minmay_misc_feat_four_crosses
D:3:      kennysheep_generic_room_16, uniq_grinder
D:4:      first_ration, nicolae_ru_awakened_eye, uniq_ijyb, uniq_pikel
D:5:      minmay_temple_entry_glassed_door, eino_tiny_chamber, minivault_23,
          minmay_gold_behind_fungi
D:6:      nicolae_dithmenos_shadow_blocks, grunt_temple_overflow_open,
          evilmike_ruin_ashenzari, st_stairs_5, kennysheep_minor_cross,
          nicolae_tso_besieged_by_evil
D:8:      uniq_harold, uniq_gastronok, uniq_joseph
D:9:      hangedman_ranch, uniq_psyche
D:10:     serial_shops, nicolae_shop_temple_entry_statues_fountains,
          okawaru_metal_pillars_1_2
D:11:     due_lair_maze_entry_diamond, serial_column_ruins,
          column_ruins_temple_circle, column_ruins_open_tiny_water,
          column_ruins_corridor_T, column_ruins_grid_1, column_ruins_open_small,
          water_maze_lemuel, uniq_sonja
Temple:   nicolae_temple_no_exploring_needed
Abyss:1:  minivault_19

Skill      XL: |  1  2  3  4  5  6  7  8  9 10 11 12 |
---------------+-------------------------------------+-----
Fighting       | 4 5 6 8 10 | 10.0
Maces & Flails | 4 5 6 11 12 13 | 13.9
Armour         | 2 3 5 |  5.0
Dodging        | 3 5 |  5.0
Throwing       | 3 4 |  4.2
Shields        | 5 |  5.1
Invocations    | 6 8 |  8.0
Stealth        | |  2.1

Action                   |  1- 3 |  4- 6 |  7- 9 | 10-12 || total
-------------------------+-------+-------+-------+-------++-------
Melee: Mace              |   117 |   258 |       |       ||   375
       Whip              |       |       |   497 |   329 ||   826
       Unarmed           |       |       |     5 |       ||     5
       Morningstar       |       |       |       |   313 ||   313
 Fire: Blowgun           |       |       |       |     4 ||     4
Throw: Stone             |       |       |    76 |       ||    76
       Throwing net      |       |       |     1 |     2 ||     3
 Cast: Passwall          |       |       |       |     1 ||     1
Invok: Slouch            |       |       |       |     7 ||     7
Evoke: Wand              |       |       |       |     1 ||     1
  Use: Scroll            |     3 |     2 |     7 |     6 ||    18
       Potion            |       |     3 |     2 |     2 ||     7
 Stab: Sleeping          |       |     3 |     1 |       ||     4
       Held in net/web   |       |       |       |     1 ||     1
       Distracted        |       |       |       |     1 ||     1
  Eat: Chunk             |     1 |     7 |     3 |     6 ||    17
       Ration            |       |       |     3 |     2 ||     5
Armor: Robe              |    27 |       |       |       ||    27
       Leather armour    |    31 |   113 |    17 |       ||   161
       Skin              |       |    12 |       |       ||    12
       Ring mail         |       |       |   177 |   190 ||   367
Dodge: Dodged            |   119 |   184 |   267 |   509 ||  1079
Block: Buckler           |       |       |    90 |   194 ||   284

Table legend:
 A = Non-vault XP
 B = Vault XP
 C = Vault XP percentage of total XP
 D = Non-vault monster count
 E = Vault monster count
 F = Vault count percentage of total count
                 A         B        C        D         E       F
            +---------+---------+-------+---------+---------+-------
      Total |   17797 |    9086 |  33.8 |     257 |      44 |  14.6
            +---------+---------+-------+---------+---------+-------
        D:1 |      58 |       0 |   0.0 |      22 |       0 |   0.0
        D:2 |     121 |       0 |   0.0 |      31 |       0 |   0.0
        D:3 |      77 |     284 |  78.7 |      24 |       4 |  14.3
        D:4 |     300 |     686 |  69.6 |      12 |       2 |  14.3
        D:5 |     306 |       0 |   0.0 |       7 |       0 |   0.0
        D:6 |     576 |     110 |  16.0 |      18 |      16 |  47.1
        D:7 |    1874 |       0 |   0.0 |      27 |       0 |   0.0
        D:8 |    1755 |    3687 |  67.8 |      27 |       3 |  10.0
        D:9 |    4445 |    2581 |  36.7 |      32 |       9 |  22.0
       D:10 |     765 |       0 |   0.0 |      18 |       0 |   0.0
       D:11 |    5541 |    1738 |  23.9 |      35 |      10 |  22.2
    Abyss:1 |    1979 |       0 |   0.0 |       4 |       0 |   0.0
            +---------+---------+-------+---------+---------+-------
